 Dungeon Crawl Stone Soup version 0.20.0-10-g0535bb4 (webtiles) character file.

529273 Gorglomux the Acrobat (level 24, -5/169 HPs)
             Began as a Felid Fighter on June 5, 2017.
             Was the Champion of Okawaru.
             Killed from afar by an orb of fire (20 damage)
             ... with a fireball
             ... on level 1 of the Realm of Zot on June 6, 2017.
             The game lasted 05:47:27 (82980 turns).

Gorglomux the Acrobat (Felid Fighter)              Turns: 82980, Time: 05:47:29

Health: -5/169     AC: 19    Str: 19 (20) XL:     24   Next: 37%
Magic:  21/38      EV: 24    Int: 24      God:    Okawaru [******]
Gold:   3195       SH:  0    Dex: 23 (24) Spells: 1/43 levels left
                                        Lives:  0   Deaths: 6

rFire    + + .     SeeInvis +     - Unarmed
rCold    x . .     Gourm    .   (shield unavailable)
rNeg     . . .     Faith    +   (armour unavailable)
rPois    +         Spirit   .   (helmet unavailable)
rElec    .         Reflect  .   (cloak unavailable)
rCorr    .         Harm     .   (gloves unavailable)
MR       +++++                  (boots unavailable)
Stlth    +++++++...             s - amulet of faith
Regen    0.4/turn               f - +3 ring of protection
MPRegen  0.3/turn               q - ring "Ticzoira" {rPois MR+ Int+9 Dex+2 Slay-4}

@: dragon-form, flying, very slightly contaminated, studying Translocations
A: no armour, no weapons or thrown items, stealth, see invisible, carnivore 3,
deterioration 1, frail 1, magic resistance 1, slow metabolism 1, weak 1,
MP-powered wands
}: 3/15 runes: decaying, abyssal, gossamer
a: End Transformation, Heroism, Finesse, Renounce Religion, Breathe Fire


You were on level 1 of the Realm of Zot.
You worshipped Okawaru.
Okawaru was exalted by your worship.
You were very full.
You were a fearsome dragon!
You visited 10 branches of the dungeon, and saw 51 of its levels.
You visited the Abyss 1 time.
You also visited: Trove.

You collected 4807 gold pieces.
You spent 1612 gold pieces at shops.

Inventory:

Jewellery
 f - a +3 ring of protection (left foreclaw)
 g - an uncursed ring of resist corrosion
 l - an uncursed ring of flight
 q - the ring "Ticzoira" (right foreclaw) {rPois MR+ Int+9 Dex+2 Slay-4}
   (You found it on level 9 of the Dungeon)

   [ring of protection from magic]

   It affects your intelligence (+9).
   It affects your dexterity (+2).
   It affects your accuracy and damage with ranged weapons and melee attacks
   (-4).
   It protects you from poison.
   It affects your resistance to hostile enchantments.
 r - an uncursed amulet of magic regeneration {unknown}
 s - an amulet of faith (around neck)
 V - an uncursed ring of positive energy {unknown}
Wands
 e - a wand of acid (4/15)
 y - a wand of digging (6/24)
 A - a wand of acid (5/15)
 C - a wand of confusion (13/48)
 D - a wand of digging (3/24)
 I - a wand of iceblast (8/15)
 O - a wand of clouds (3/9)
Scrolls
 c - a scroll of holy word
 d - 3 scrolls of summoning
 i - a scroll of fog
 n - 3 scrolls of recharging
 v - 6 scrolls of fear
 x - 5 scrolls of amnesia
 B - 2 scrolls of blinking
 H - 17 scrolls of remove curse
 L - 3 scrolls of silence
 M - a scroll of magic mapping
 R - 9 scrolls of identify
 T - 6 scrolls of teleportation
 Z - 3 scrolls of immolation
Potions
 a - 6 potions of might
 j - 2 potions of cancellation
 k - 7 potions of brilliance
 m - 2 potions of invisibility
 o - 4 potions of mutation {!q}
 t - 2 potions of magic
 u - 7 potions of heal wounds
 F - 6 potions of ambrosia
 G - 4 potions of agility
 J - 2 potions of flight
 K - 3 potions of lignification
 Q - 13 potions of curing
 U - 3 potions of berserk rage
 X - 6 potions of haste
Books
 b - a manual of Translocations
 h - a book of Summonings

   Spells                             Type                      Level
   a - Recall                         Summoning/Translocation      3
   b - Aura of Abjuration             Summoning                    5
   c - Summon Demon                   Summoning                    5
   d - Summon Forest                  Summoning/Translocation      5
   e - Summon Mana Viper              Hexes/Summoning              5
   f - Shadow Creatures               Summoning                    6
 p - a book of Minor Magic

   Spells                             Type                      Level
   a - Magic Dart                     Conjuration                  1
   b - Blink                          Translocation                2
   c - Call Imp                       Summoning                    2
   d - Slow                           Hexes                        2
   e - Conjure Flame                  Conjuration/Fire             3
   f - Mephitic Cloud                 Conjuration/Poison/Air       3
 w - a book of Necromancy

   Spells                             Type                      Level
   a - Pain                           Necromancy                   1
   b - Animate Skeleton               Necromancy                   1
   c - Vampiric Draining              Necromancy                   3
   d - Regeneration                   Charms/Necromancy            3
   e - Animate Dead                   Necromancy                   4
   f - Control Undead                 Necromancy                   4
 E - Hour's Catalogue of Moulding
   (You bought it in a shop on level 15 of the Dungeon)

   Spells                             Type                      Level
   a - Beastly Appendage              Transmutation                1
   b - Sticks to Snakes               Transmutation                2
   c - Ignite Poison                  Fire/Transmutation/Poison    3
   d - Alistair's Intoxication        Transmutation/Poison         5
   e - Statue Form                    Transmutation/Earth          6
   f - Hydra Form                     Transmutation                6
   g - Dragon Form                    Transmutation                7
 P - Gorglomux's Catalogue of the Dusty Oath
   (You acquired it on level 5 of the Lair of Beasts)

   Spells                             Type                      Level
   a - Confusing Touch                Hexes                        1
   b - Slow                           Hexes                        2
   c - Dazzling Spray                 Conjuration/Hexes            3
   d - Cause Fear                     Hexes                        4
   e - Iron Shot                      Conjuration/Earth            6
   f - Darkness                       Hexes                        6
   g - Discord                        Hexes                        8
 S - a book of Transfigurations

   Spells                             Type                      Level
   a - Irradiate                      Conjuration/Transmutation    5
   b - Statue Form                    Transmutation/Earth          6
   c - Hydra Form                     Transmutation                6
   d - Dragon Form                    Transmutation                7
Miscellaneous
 W - 2 sacks of spiders
 Y - a lamp of fire
Comestibles
 z - 14 meat rations
 N - 22 royal jellies


   Skills:
 + Level 22.1 Fighting
 - Level 23.5 Dodging
 + Level 17.7 Stealth
 - Level 22.0 Unarmed Combat
 - Level 10.0 Spellcasting
 - Level 13.8 Hexes
 - Level 3.0 Charms
 - Level 3.1 Summonings
 - Level 2.4 Necromancy
 + Level 18.8 Transmutations
   Level 0.0 Ice Magic
 - Level 11.7 Earth Magic
 - Level 8.0 Invocations
 + Level 13.6 Evocations


You had one spell level left.
You knew the following spells:

 Your Spells              Type           Power        Failure   Level  Hunger
a - Confusing Touch       Hex            ######       1%          1    None
b - Darkness              Hex            ######....   2%          6    ######.
c - Dragon Form           Tmut           #######...   1%          7    #######
d - Cause Fear            Hex            ######....   1%          4    #......
e - Summon Mana Viper     Hex/Summ       ######..     4%          5    ####...
f - Blink                 Tloc           N/A          8%          2    None
o - Apportation           Tloc           ##....       5%          1    None
B - Summon Butterflies    Summ           ####....     1%          1    None
I - Invisibility          Hex            ######..     2%          6    ######.
R - Regeneration          Chrm/Necr      ####......   4%          3    None
Y - Statue Form           Tmut/Erth      ######...    1%          6    ######.


Dungeon Overview and Level Annotations

Branches:
Dungeon (15/15)            Temple (1/1) D:7            Lair (6/6) D:10
  Swamp (4/4) Lair:3       Spider (4/4) Lair:2        Slime (5/5) Lair:5
    Orc (2/2) D:11            Elf (0/3) Orc:2        Vaults (4/5) D:14
  Crypt (0/3) Vaults:2     Depths (5/5) D:15            Zot (5/5) Depths:5

Altars:
Ashenzari
Cheibriados
Dithmenos
Elyvilon
Fedhas
Gozag
Hepliaklqana
Kikubaaqudgha
Makhleb
Nemelex Xobeh
Okawaru
Qazlal
Ru
Sif Muna
Trog
Uskayaw
Vehumet
Xom
Yredelemnul
Zin
The Shining One
Beogh

Shops:
D:4 :   D:6 (}}[   D:12 [   D:14 [!   D:15 *   Orc:2 [=[=**!   Vaults:1 (

Portals:
Hell: Depths:1 Depths:2 Depths:3 Depths:4 Depths:5
Abyss: Depths:1 Depths:4
Pandemonium: Depths:3 Depths:4
Ziggurat: Depths:1

Annotations:
D:8 5 runed doors
D:9 exclusion: orange crystal statue
D:12 Snorg
Lair:1 exclusion: 4 oklob plants
Slime:5 Royal Jelly
Depths:2 exclusion: statue
Zot:5 exclusion: orange crystal statue


Innate Abilities, Weirdness & Mutations

You cannot wear armour.
You are incapable of wielding weapons or throwing items.
Your paws allow you to move quietly. (Stealth)
((You have sharp claws.))
((You have razor-sharp teeth.))
You have supernaturally acute eyesight. (SInv)
You are carnivorous and can eat meat at any time.
((You cover ground quickly.))
((Your thick and shaggy fur keeps you warm. (AC +3, rC+)))
You have a slow metabolism.
((Your sharp claws are effective at attacking unaware monsters.))
((You are partially covered in large bone plates. (SH +4)))
Your body sometimes deteriorates upon taking damage.
You are frail. (-10% HP)
You are resistant to hostile enchantments. (MR+)
You are weak. (Str -2)
You expend magic power (3 MP) to strengthen your wands.


Message History

Casting: Statue Form
Confirm with . or Enter, or press ? or * to list all spells.
You miscast Dragon Form.
You are very lightly contaminated with residual magic.
Your skin glows momentarily.
The orb of fire emits a lurid red light.
The bolt of fire misses you.
The orb of fire emits a lurid red light.
The fireball explodes!
The fireball engulfs you!
* * * LOW HITPOINT WARNING * * *
The fireball engulfs the orb of fire.
The orb of fire completely resists.
Unknown command.
Unknown command.
Casting: Dragon Form
Confirm with . or Enter, or press ? or * to list all spells.
You revert to your normal fleshy form.
You turn into a fearsome dragon!
The orb of fire glows red.
The fireball explodes!
The fireball engulfs you! You resist.
You die...

#...** #....* #....*
#....* ##### #...#* #...#
###...#####...########
##....%.........>...(..
#......................
**#.....D##############..
*.......*#####...# #....
*........##......####....
*.........#.....,#......#
*###.....#....####...####
#.........###.....#
#.................#
###.....>.........####
#...#...............


You could see an orb of fire.

Vanquished Creatures
  6 orbs of fire
  8 ancient liches (Zot:5)
  Margery (Depths:3)
  Bai Suzhen (Vaults:4)
  Xtahua (Vaults:2)
  3 Killer Klowns (Zot:5)
  Saint Roka (Vaults:2)
  Nikola (Depths:3)
  7 golden dragons
  2 bone dragons (Abyss:3)
  Jory (Vaults:4)
  A lich (Depths:2)
  3 electric golems (Zot:5)
  17 tentacled monstrosities
  A hellephant (Abyss:3)
  Rupert (Lair:3)
  25 Orb Guardians (Zot:5)
  5 quicksilver dragons
  A titan (Depths:3)
  7 acid blobs
  An Executioner (Abyss:3)
  Agnes (Spider:1)
  9 death cobs
  4 sphinxes
  18 storm dragons
  4 tentacled starspawn
  3 thorn hunters
  7 shadow dragons
  A tengu reaver (Vaults:2)
  3 azure jellies
  6 draconian monks
  6 fire giants
  11 frost giants
  6 draconian knights
  A deep elf sorcerer (Vaults:3)
  Aizul (Swamp:2)
  10 draconian scorchers
  4 draconian shifters
  An orc warlord (Vaults:4)
  8 vault wardens
  7 ghost moths
  Louise (Depths:4)
  A deep elf elementalist (Depths:3)
  2 iron dragons (Depths:5)
  2 spriggan defenders (Depths:3)
  5 emperor scorpions
  A war gargoyle (Vaults:1)
  A juggernaut skeleton (Depths:1)
  7 draconian stormcallers
  3 draconian annihilators (Zot:3)
  15 ironheart preservers
  21 very ugly things
  9 entropy weavers
  14 stone giants
  A deep elf demonologist (Depths:3)
  Nessos (D:12)
  A lorocyproca (Depths:4)
  3 vampire knights
  3 dire elephants
  2 deep elf annihilators
  7 green draconians
  6 black draconians
  6 purple draconians
  6 spark wasps
  5 white draconians
  10 yellow draconians
  6 red draconians
  A deep elf death mage (Depths:3)
  A minotaur (shapeshifter) (Vaults:1)
  2 merfolk javelineers (Depths:3)
  A deep elf high priest (Depths:4)
  2 green deaths (Swamp:4)
  A merfolk impaler (Depths:3)
  8 ettins
  8 fire dragons
  3 jiangshi (Depths:3)
  20 ogre magi
  The ghost of KlownO the Grappler, a journeyman TrWr (Slime:2)
  A death ooze (Slime:3)
  10 yaktaur captains
  4 rakshasas
  12 great orbs of eyes
  13 ice dragons
  5 vault guards
  15 hydras
  Erolcha (D:11)
  A juggernaut simulacrum (Depths:2)
  7 spriggan air magi
  A death knight (Vaults:2)
  A ghost crab (Swamp:4)
  An anaconda (Abyss:3)
  A merfolk avatar (Lair:6)
  Erica (Lair:1)
  8 tengu warriors
  58 two-headed ogres
  2 dancing weapons (D:14)
  A hell hog (Abyss:3)
  8 death scarabs (Spider:4)
  6 deep troll shamans
  9 alligators
  5 centaur warriors
  A death yak (shapeshifter) (Vaults:3)
  4 vampire magi
  7 thrashing horrors
  10 deep troll earth magi
  Urug (D:11)
  2 spriggan berserkers
  6 orc high priests
  Sonja (Lair:1)
  10 spriggans
  5 deep elf knights
  11 hell knights
  Nergalle (Lair:1)
  A fire crab (shapeshifter) (Vaults:1)
  5 wretched stars
  A spectral emperor scorpion (Spider:4)
  2 spatial maelstroms (Abyss:3)
  10 skeletal warriors
  A shadow wraith (Abyss:3)
  2 flayed ghosts
  5 iron trolls (Depths:3)
  A spriggan druid (Swamp:2)
  24 deep trolls
  7 wizards
  A shadow demon (Abyss:3)
  An unseen horror (shapeshifter) (Depths:1)
  A death drake (Abyss:3)
  A torturous demonspawn (Depths:4)
  The ghost of salade2fruit the Slinger, a novice FoAM of Xom (D:13)
  10 deep elf archers
  6 glowing orange brains
  3 spectral wolf spiders (Spider:4)
  2 shambling mangroves
  4 unseen horrors
  6 swamp dragons
  19 orc knights
  12 large abominations
  2 phantasmal warriors (Depths:2)
  A lindwurm (Depths:3)
  An anaconda skeleton (Abyss:3)
  16 ironbrand convokers
  5 harpies (Vaults:2)
  A sphinx zombie (Depths:1)
  9 necromancers
  A cyclops (shapeshifter) (Depths:3)
  2 wolf spider zombies
  A mana viper (Abyss:3)
  3 oklob plants (Lair:5)
  6 orc sorcerers
  14 deep elf magi
  32 wolf spiders
  50 ugly things
  18 orb spiders
  4 cyclopes
  A shining eye (Slime:3)
  A stone giant zombie (Abyss:1)
  A mana viper (shapeshifter) (Depths:5)
  31 moths of wrath
  A salamander (shapeshifter) (Vaults:1)
  4 manticores
  A moth of wrath (shapeshifter) (Depths:3)
  9 elephants (Lair:6)
  4 black mambas
  2 worldbinders (Abyss:3)
  A smoke demon (Abyss:3)
  15 vault sentinels
  2 torpor snails (shapeshifter)
  Psyche (D:11)
  A fire giant skeleton (Depths:1)
  3 orange demons
  3 gargoyles
  18 spiny frogs
  2 torpor snails
  2 kobold demonologists (D:15)
  34 yaktaurs
  3 ice devils
  A rime drake (Lair:6)
  A yaktaur zombie (Depths:1)
  6 freezing wraiths
  3 spectral redbacks (Spider:4)
  A yaktaur (shapeshifter) (Depths:2)
  2 efreet
  2 redback zombies (Spider:4)
  17 demonic crawlers
  7 komodo dragons
  A centaur skeleton (D:11)
  An ancient zyme (Abyss:3)
  2 queen bees
  3 tengu conjurers
  A yaktaur skeleton (Depths:1)
  A meliai (shapeshifter) (Vaults:3)
  2 wind drakes
  3 meliai (D:15)
  3 polar bears
  10 trolls
  42 jumping spiders
  25 hornets
  A silent spectre (Abyss:3)
  3 tyrant leeches
  3 spectral jumping spiders (Spider:4)
  4 spectral tarantellas (Spider:4)
  6 raiju
  20 blink frogs
  12 bog bodies
  10 dream sheep
  2 ettin zombies
  A jumping spider zombie (Spider:4)
  A fire giant simulacrum (Depths:2)
  3 tarantella zombies (Spider:4)
  12 hippogriffs
  Prince Ribbit (D:9)
  75 slime creatures
  A flying skull (Abyss:3)
  9 air elementals
  39 tarantellas
  2 wraiths
  91 redbacks
  45 yaks
  5 water elementals
  An ice dragon skeleton (Depths:1)
  A basilisk (D:15)
  14 shadows
  6 golden eyes
  7 neqoxecs
  Grum (Lair:1)
  6 wyverns
  A ynoxinul (Abyss:3)
  3 human simulacra
  A steam dragon (Lair:2)
  A fire elemental (Depths:1)
  A hog (shapeshifter) (Abyss:3)
  2 chaos spawn
  5 hungry ghosts
  10 vampire mosquitoes
  2 nagas (Abyss:3)
  6 wargs
  19 swamp worms
  2 spatial vortices (Abyss:3)
  3 insubstantial wisps (Swamp:1)
  4 acid dragons
  A soldier ant (D:11)
  14 water moccasins
  A soldier ant (shapeshifter) (D:12)
  5 floating eyes
  39 orc warriors
  8 porcupines
  12 swamp drakes
  2 ice beasts
  2 hornet zombies
  4 phantoms
  46 ogres
  An ice dragon simulacrum (Vaults:1)
  5 sky beasts
  17 centaurs
  17 starcursed masses (Abyss:3)
  3 eyes of draining
  4 wolves (Lair:1)
  14 boggarts
  2 necrophages
  22 crocodiles
  4 big kobolds
  11 bullfrogs
  4 jellies
  11 small abominations
  2 wyvern skeletons
  6 scorpions
  55 killer bees
  A killer bee (shapeshifter) (Vaults:1)
  3 electric eels (Spider:1)
  6 howler monkeys
  12 crimson imps
  3 bullfrog zombies (D:12)
  4 quasits
  4 centaur zombies
  A gnoll shaman (D:7)
  A hound (D:12)
  22 orc priests
  28 orc wizards
  Jessica (D:3)
  A bullfrog skeleton (D:9)
  2 iguanas
  A hell rat (Lair:2)
  7 worker ants
  A bullfrog simulacrum (D:12)
  2 hound skeletons
  2 worker ant zombies
  21 gnolls
  A river rat (shapeshifter) (D:12)
  7 adders
  6 shadow imps
  3 dart slugs
  2 leopard geckos
  66 orcs
  3 ball pythons
  13 bats
  10 giant cockroaches
  16 goblins
  15 hobgoblins
  10 jackals
  7 quokkas
  4 frilled lizards
  23 kobolds
  6 rats
  A fungus (Lair:6)
  3 starspawn tentacles (Abyss:3)
2261 creatures vanquished.

Vanquished Creatures (collateral kills)
  Boris (Vaults:4)
  Arachne (Spider:2)
  An azure jelly (Slime:3)
  An entropy weaver (Spider:2)
  A death ooze (Slime:3)
  A great orb of eyes (Slime:3)
  A deep elf knight (Vaults:1)
  An orb spider (Spider:4)
  3 wolf spiders
  2 demonic crawlers
  2 hornets
  3 jumping spiders
  A tyrant leech (Swamp:2)
  A bog body (Swamp:4)
  12 redbacks (Spider:2)
  7 tarantellas
  A water elemental (Depths:3)
  2 vampire mosquitoes (Swamp:2)
  A swamp worm (Swamp:2)
  An eye of draining (Slime:3)
44 creatures vanquished.

Vanquished Creatures (others)
  A fire giant (Depths:3)
  An ironheart preserver (Vaults:1)
  A very ugly thing (Depths:3)
  A white draconian (Zot:4)
  A fire dragon (Depths:5)
  A moth of wrath (Zot:5)
  A yaktaur (Depths:5)
  A demonic crawler (Spider:4)
  A redback (Spider:4)
  A small abomination (Abyss:3)
  A tarantella (Spider:2)
  3 boggarts (Depths:2)
  An orc wizard (Orc:2)
  6 bushes (Depths:1)
  11 fungi
  A lurking horror (Abyss:3)
  57 plants
  15 starspawn tentacles
105 creatures vanquished.

Grand Total: 2410 creatures vanquished

Notes
Turn   | Place    | Note
-------+----------+-------------------------------------------
     0 | D:1      | Gorglomux the Felid Fighter began the quest for the Orb.
     0 | D:1      | Reached XP level 1. HP: 10/10 MP: 2/2
   322 | D:1      | Reached XP level 2. HP: 4/14 MP: 3/3
   712 | D:1      | Reached skill level 1 in Stealth
  1400 | D:2      | Reached XP level 3. HP: 17/17 MP: 4/4
  2099 | D:2      | Found a shimmering altar of Xom.
  2589 | D:3      | Found a shattered altar of Ashenzari.
  2634 | D:3      | Reached skill level 3 in Stealth
  2655 | D:3      | Found a radiant altar of Vehumet.
  2660 | D:3      | Found a shadowy altar of Dithmenos.
  2774 | D:3      | Reached XP level 4. HP: 21/21 MP: 5/5
  2778 | D:3      | Found a snail-covered altar of Cheibriados.
  2816 | D:3      | Found a white marble altar of Elyvilon.
  2816 | D:3      | Found a glowing golden altar of the Shining One.
  2817 | D:3      | Found a glowing silver altar of Zin.
  2843 | D:3      | Noticed Jessica
  2849 | D:3      | Killed Jessica
  3253 | D:4      | Found Leruj's Book Boutique.
  3369 | D:4      | Reached XP level 5. HP: 22/24 MP: 6/6
  3608 | D:4      | Noticed an ogre
  3654 | D:4      | Found a bloodstained altar of Trog.
  4001 | D:3      | Noticed a phantom
  4038 | D:3      | Killed a phantom
  4346 | D:4      | Reached skill level 6 in Unarmed Combat
  4346 | D:4      | Gained mutation: You are covered in thick fur. (AC +2) [Felid growth]
  4346 | D:4      | Reached XP level 6. HP: 11/28 MP: 7/7
  4400 | D:4      | Found a stormy altar of Qazlal.
  4710 | D:4      | Learned a level 1 spell: Confusing Touch
  4824 | D:4      | Reached skill level 1 in Hexes
  5125 | D:4      | Reached skill level 5 in Dodging
  5125 | D:4      | Reached skill level 3 in Hexes
  5125 | D:4      | Reached XP level 7. HP: 8/31 MP: 5/8
  5358 | D:4      | Found a sparkling altar of Nemelex Xobeh.
  5534 | D:5      | Entered Level 5 of the Dungeon
  5763 | D:5      | Reached skill level 6 in Dodging
  6655 | D:5      | Reached XP level 8. HP: 32/34 MP: 9/9
  7017 | D:5      | Reached skill level 7 in Dodging
  8054 | D:6      | Found Gumeomod's Weapon Shoppe.
  8199 | D:6      | Reached skill level 8 in Dodging
  8393 | D:6      | Found Bupiosos's Antique Armour Boutique.
  8545 | D:6      | Reached skill level 1 in Evocations
  8602 | D:6      | Found Ukkamiept's Gadget Shoppe.
  8729 | D:6      | Found Nuobbeciole's Gadget Shop.
  8791 | D:6      | Found an ancient bone altar of Kikubaaqudgha.
  9112 | D:6      | Found a sacrificial altar of Ru.
  9305 | D:7      | Reached skill level 3 in Evocations
  9318 | D:7      | Noticed a hippogriff
  9323 | D:7      | Killed a hippogriff
  9361 | D:7      | Reached XP level 9. HP: 30/37 MP: 10/13
  9373 | D:7      | Reached skill level 9 in Unarmed Combat
  9558 | D:7      | Found a staircase to the Ecumenical Temple.
  9638 | Temple   | Entered the Ecumenical Temple
  9802 | Temple   | Became a worshipper of Warmaster Okawaru
 10369 | D:8      | Noticed a two-headed ogre
 10383 | D:7      | Learned a level 2 spell: Passwall
 10409 | D:8      | Killed a two-headed ogre
 10409 | D:8      | Reached * piety under Okawaru
 10409 | D:8      | Reached skill level 1 in Spellcasting
 10409 | D:8      | Reached skill level 1 in Earth Magic
 10503 | D:8      | Found a runed door.
 10508 | D:8      | Found a runed gate.
 10509 | D:8      | Found a runed door.
 10554 | D:8      | Found a shimmering altar of Xom.
 10705 | D:8      | Reached skill level 3 in Transmutations
 10706 | D:8      | Reached ** piety under Okawaru
 10889 | D:8      | Reached XP level 10. HP: 42/42 MP: 15/15
 10890 | D:8      | Found a runed gate.
 10914 | D:8      | Found a runed gate.
 10938 | D:8      | Reached skill level 3 in Spellcasting
 11613 | D:9      | Noticed an orange crystal statue
 11617 | D:9      | Learned a level 1 spell: Apportation
 11624 | D:9      | Noticed a two-headed ogre
 11765 | D:9      | Got a transparent marble ring
 11767 | D:9      | Identified the ring "Ticzoira" {rPois MR+ Int+9 Dex+2 Slay-4} (You found it on level 9 of the Dungeon)
 11808 | D:9      | Noticed Prince Ribbit
 11810 | D:9      | Noticed a skeletal warrior
 11811 | D:9      | Killed Prince Ribbit
 11900 | D:9      | Noticed a skeletal warrior
 11962 | D:9      | Killed a skeletal warrior
 12249 | D:9      | Noticed a skeletal warrior
 12255 | D:9      | Noticed a skeletal warrior
 12255 | D:9      | Noticed a skeletal warrior
 12296 | D:9      | Reached *** piety under Okawaru
 12365 | D:10     | Entered Level 10 of the Dungeon
 12401 | D:10     | Reached skill level 12 in Unarmed Combat
 12479 | D:10     | Reached skill level 1 in Invocations
 13026 | D:10     | Found a staircase to the Lair.
 13196 | D:10     | Reached skill level 3 in Invocations
 13253 | D:9      | Reached **** piety under Okawaru
 13436 | D:10     | Noticed a two-headed ogre
 13453 | D:10     | Killed a two-headed ogre
 13453 | D:10     | Reached XP level 11. HP: 35/46 MP: 16/16
 13803 | D:11     | Noticed Psyche
 13811 | D:11     | Killed Psyche
 14018 | D:11     | Reached ***** piety under Okawaru
 14084 | D:11     | Noticed Erolcha
 14094 | D:11     | Killed Erolcha
 14521 | D:11     | Noticed Urug
 14536 | D:11     | Killed Urug
 14536 | D:11     | Reached skill level 6 in Fighting
 14696 | D:11     | Found an opulent altar of Gozag.
 14718 | D:11     | Found a staircase to the Orcish Mines.
 14953 | D:12     | Noticed a deep elf archer
 14966 | D:12     | Noticed a two-headed ogre
 15511 | D:12     | Reached skill level 6 in Invocations
 15557 | D:12     | Noticed a cyan ugly thing
 15591 | D:12     | Killed a cyan ugly thing
 15610 | D:12     | Found Lommunech's Armour Boutique.
 15652 | D:12     | Noticed Nessos
 15658 | D:12     | Killed Nessos
 15658 | D:12     | Reached ****** piety under Okawaru
 15970 | Lair:1   | Entered Level 1 of the Lair of Beasts
 16204 | Lair:1   | Gained mutation: Your thick and shaggy fur keeps you warm. (AC +3, rC+) [Felid growth]
 16204 | Lair:1   | Reached XP level 12. HP: 54/54 MP: 18/18
 17228 | Lair:1   | Noticed Grum
 17313 | Lair:1   | Killed Grum
 17449 | Lair:1   | Noticed Nergalle
 17468 | Lair:1   | Killed Nergalle
 17487 | Lair:1   | Noticed Erica
 17508 | Lair:1   | Killed Erica
 17514 | Lair:1   | Noticed Sonja
 17519 | Lair:1   | Killed Sonja
 18499 | Lair:2   | Found a hole to the Spider Nest.
 19167 | Lair:2   | Noticed a four-headed hydra
 19218 | Lair:2   | Reached skill level 6 in Hexes
 20009 | Lair:2   | Learned a level 6 spell: Invisibility
 20455 | Lair:2   | Killed a four-headed hydra
 20952 | Lair:2   | Reached skill level 9 in Hexes
 21356 | Lair:2   | Reached XP level 13. HP: 16/60 MP: 14/22
 21993 | Lair:2   | Reached skill level 6 in Spellcasting
 22635 | Lair:3   | Slain by a black mamba
 22636 | Lair:3   | Reached XP level 12. HP: -4/56 MP: 22/22
 22875 | Lair:3   | Noticed Rupert
 22890 | Lair:3   | Killed Rupert
 23638 | Lair:3   | Found a staircase to the Swamp.
 24545 | Lair:4   | Reached skill level 12 in Hexes
 25367 | Lair:5   | Noticed a seven-headed hydra
 25378 | Lair:5   | Killed a seven-headed hydra
 25413 | Lair:5   | Reached XP level 13. HP: 60/60 MP: 26/26
 25484 | Lair:5   | Identified 3 scrolls of acquirement
 25484 | Lair:5   | Identified the Compendium of Attacks and Translocation (You acquired it on level 5 of the Lair of Beasts)
 25486 | Lair:5   | Identified Gorglomux's Catalogue of the Dusty Oath (You acquired it on level 5 of the Lair of Beasts)
 25502 | Lair:5   | Learned a level 6 spell: Darkness
 25701 | Lair:5   | Found a staircase to the Slime Pits.
 26042 | Lair:6   | Entered Level 6 of the Lair of Beasts
 26409 | Lair:6   | Noticed a dire elephant
 26422 | Lair:6   | Killed a dire elephant
 26583 | Lair:6   | Reached skill level 9 in Spellcasting
 27384 | Lair:6   | Reached skill level 6 in Stealth
 27394 | Lair:6   | Reached skill level 9 in Fighting
 27637 | Lair:6   | Learned a level 4 spell: Cause Fear
 27639 | Lair:6   | Learned a level 1 spell: Summon Butterflies
 27827 | Lair:6   | Reached skill level 9 in Dodging
 28938 | D:12     | Noticed Snorg
 29298 | D:12     | Reached XP level 14. HP: 42/65 MP: 26/28
 29609 | D:12     | Reached skill level 10 in Dodging
 30395 | D:13     | Noticed salade2fruit's ghost (novice FoAM)
 30411 | D:13     | Killed salade2fruit's ghost
 30635 | D:14     | Found a gate to the Vaults.
 30643 | D:14     | Reached skill level 9 in Stealth
 30838 | D:14     | Found Muneik's Distillery.
 30889 | D:14     | Bought a potion of haste for 140 gold pieces
 30889 | D:14     | Bought a potion of heal wounds for 70 gold pieces
 30889 | D:14     | Bought a potion of heal wounds for 70 gold pieces
 30889 | D:14     | Bought a potion of haste for 140 gold pieces
 30889 | D:14     | Bought 2 potions of heal wounds for 140 gold pieces
 30889 | D:14     | Bought a potion of heal wounds for 70 gold pieces
 31005 | D:14     | Found a radiant altar of Vehumet.
 31303 | D:14     | Found Cuajosost's Antique Armour Boutique.
 31320 | D:15     | Entered Level 15 of the Dungeon
 31350 | D:15     | Found a portal to a secret trove of treasure.
 31402 | Trove    | Entered a treasure trove
 31440 | Trove    | Identified the Collected Works on Battle Magic
 31475 | D:15     | Learned a level 5 spell: Summon Mana Viper
 31654 | D:15     | HP: 3/66 [two-headed ogre/giant club (12)]
 32341 | D:15     | Learned a level 4 spell: Ice Form
 32385 | D:15     | Found Ethinui's Changing Room.
 32469 | D:15     | Reached skill level 11 in Dodging
 32701 | D:15     | Found a staircase to the Depths.
 33011 | D:14     | Reached skill level 15 in Unarmed Combat
 33909 | Orc:1    | Entered Level 1 of the Orcish Mines
 34294 | Orc:1    | Reached skill level 3 in Earth Magic
 34355 | Orc:1    | Noticed a stone giant
 34516 | Orc:1    | Killed a stone giant
 34766 | Orc:2    | Entered Level 2 of the Orcish Mines
 34767 | Orc:2    | Found Kiumol's Jewellery Boutique.
 34959 | Orc:2    | Found Tebooh's Distillery.
 35121 | Orc:2    | Found a staircase to the Elven Halls.
 35127 | Orc:2    | Found Yfacleq's Antique Armour Shoppe.
 35230 | Orc:2    | Reached XP level 15. HP: 70/70 MP: 17/29
 35439 | Orc:2    | Found Iwiumm's Armour Shoppe.
 35439 | Orc:2    | Found Istradil's Jewellery Boutique.
 35452 | Orc:2    | Found Labb's Assorted Antiques.
 35452 | Orc:2    | Found Huegikan's Assorted Antiques.
 36247 | D:15     | Bought Hour's Catalogue of Moulding for 982 gold pieces
 36254 | D:15     | Learned a level 6 spell: Statue Form
 36430 | Spider:1 | Entered Level 1 of the Spider Nest
 36435 | Spider:1 | Noticed Agnes
 36919 | Spider:1 | Killed Agnes
 36921 | Spider:1 | Slain by a wolf spider
 36922 | Spider:1 | Reached XP level 14. HP: 0/67 MP: 5/28
 37082 | Spider:1 | Reached skill level 12 in Dodging
 37333 | Spider:1 | Noticed an entropy weaver
 37350 | Spider:1 | Killed an entropy weaver
 37571 | Spider:1 | Reached skill level 6 in Transmutations
 38856 | Spider:2 | Noticed an entropy weaver
 38865 | Spider:2 | Killed an entropy weaver
 40712 | Spider:3 | Reached skill level 6 in Earth Magic
 40895 | Spider:3 | Gained mutation: You occasionally shout uncontrollably at your foes. [mutagenic glow]
 41720 | Spider:3 | Noticed a ghost moth
 42007 | Spider:3 | Noticed an emperor scorpion
 42007 | Spider:3 | Killed a ghost moth
 42007 | Spider:3 | Reached XP level 15. HP: 71/71 MP: 29/29
 42152 | Spider:3 | Noticed Arachne
 42358 | Spider:2 | Reached skill level 9 in Transmutations
 42491 | Spider:2 | Killed Arachne
 45474 | Spider:3 | Noticed a ghost moth
 45487 | Spider:3 | Killed a ghost moth
 46252 | Spider:3 | Reached skill level 9 in Earth Magic
 46848 | Spider:4 | Entered Level 4 of the Spider Nest
 47450 | Spider:4 | Reached XP level 16. HP: 75/75 MP: 30/30
 47483 | Spider:4 | Reached skill level 12 in Transmutations
 47535 | Spider:4 | Lost mutation: You occasionally shout uncontrollably at your foes. [miscasting Statue Form]
 48726 | Spider:4 | Gained mutation: You are clumsy. (Dex -2) [mutagenic glow]
 50237 | Spider:4 | Got a gossamer rune of Zot
 50574 | Swamp:1  | Entered Level 1 of the Swamp
 51850 | Swamp:2  | Noticed a thorn hunter
 51852 | Swamp:2  | Killed a thorn hunter
 51852 | Swamp:2  | Reached XP level 17. HP: 78/78 MP: 31/31
 51861 | Swamp:2  | Noticed Aizul
 51875 | Swamp:2  | Killed Aizul
 51961 | Swamp:1  | Learned a level 3 spell: Regeneration
 51997 | Swamp:2  | Reached skill level 1 in Charms
 52012 | Swamp:2  | Reached skill level 1 in Necromancy
 52152 | Swamp:2  | Noticed a tentacled monstrosity
 52164 | Swamp:2  | Killed a tentacled monstrosity
 52716 | Swamp:3  | Reached skill level 3 in Charms
 52852 | Swamp:3  | Reached skill level 1 in Summonings
 53396 | Swamp:3  | Found a runed door.
 53396 | Swamp:3  | Noticed a tentacled monstrosity
 53443 | Swamp:3  | Killed a tentacled monstrosity
 53443 | Swamp:3  | Reached skill level 12 in Fighting
 53443 | Swamp:3  | Reached skill level 3 in Summonings
 53703 | Swamp:4  | Entered Level 4 of the Swamp
 54532 | Swamp:4  | Noticed Mara
 54533 | Swamp:4  | Noticed Gorglomux's illusion
 55192 | Swamp:4  | Noticed Gorglomux's illusion
 55211 | Swamp:4  | Noticed Gorglomux's illusion
 55424 | Swamp:4  | Got a decaying rune of Zot
 55428 | Swamp:4  | Noticed Gorglomux's illusion
 55476 | Swamp:2  | Reached skill level 13 in Dodging
 55651 | Vaults:1 | Entered Level 1 of the Vaults
 56034 | Vaults:1 | Noticed a tentacled monstrosity
 56042 | Vaults:1 | Killed a tentacled monstrosity
 56302 | Vaults:1 | Identified the +1 cloak of the Enchanted Forest {rF+ Str+4 SInv} (You found it on level 1 of the Vaults)
 56373 | Vaults:1 | Reached XP level 18. HP: 85/85 MP: 28/33
 56788 | Vaults:1 | Got a coiled jade ring
 57148 | Vaults:1 | Reached skill level 14 in Dodging
 57248 | Vaults:1 | Found Izupnako's Weapon Shoppe.
 57538 | Vaults:2 | Found a staircase to the Crypt.
 57873 | Vaults:2 | Noticed Xtahua
 57887 | Vaults:2 | Killed Xtahua
 57924 | Vaults:2 | Slain by a sun demon
 57925 | Vaults:2 | Reached XP level 17. HP: -5/106 MP: 17/32
 57926 | Vaults:2 | Identified the ring of Hepliaklqana's Esteem {Ice Int+4 Dex+4} (You took it off an ironbrand convoker on level 1 of the Vaults)
 58062 | Vaults:2 | Noticed Saint Roka
 58123 | Vaults:2 | HP: 4/106 [Saint Roka/enchanted great sword (15)]
 58127 | Vaults:2 | Killed Saint Roka
 58503 | Vaults:2 | Reached skill level 15 in Dodging
 58693 | Vaults:2 | Killed from afar by a frost giant
 58694 | Vaults:2 | Reached XP level 16. HP: -3/102 MP: 28/31
 58752 | Vaults:2 | Noticed a tengu reaver
 58762 | Vaults:2 | Killed a tengu reaver
 58782 | Vaults:2 | Noticed a sphinx
 58789 | Vaults:2 | Killed a sphinx
 58796 | Vaults:2 | Reached XP level 17. HP: 83/83 MP: 19/32
 59300 | Vaults:2 | Reached skill level 16 in Dodging
 59657 | Vaults:3 | Got a pitted ivory ring
 59658 | Vaults:3 | Identified the ring of Past Mistakes {+Fly Str+3 Int-3 Dex+4 Stlth+} (You found it on level 3 of the Vaults)
 60054 | Vaults:3 | Reached skill level 15 in Fighting
 60764 | Vaults:4 | Noticed Boris
 60786 | Vaults:4 | Killed Boris
 61001 | Vaults:4 | Noticed Jory
 61001 | Vaults:4 | Reached XP level 18. HP: 31/89 MP: 14/33
 61008 | Vaults:4 | Reached skill level 17 in Dodging
 61023 | Vaults:4 | Killed Jory
 61302 | Vaults:4 | Reached skill level 18 in Unarmed Combat
 61971 | Vaults:4 | Noticed Bai Suzhen
 61993 | Vaults:4 | Killed Bai Suzhen
 62227 | Vaults:4 | Found a roughly hewn altar of Beogh.
 63175 | Depths:1 | Entered Level 1 of the Depths
 63197 | D:15     | Reached skill level 18 in Dodging
 64066 | Depths:1 | Found a gateway to a ziggurat.
 64287 | Depths:1 | Found a gateway to Hell.
 64301 | Depths:1 | Reached XP level 19. HP: 94/94 MP: 28/34
 64747 | Depths:1 | Found a one-way gate to the infinite horrors of the Abyss.
 65363 | Depths:2 | Paralysed by a floating eye for 2 turns
 65411 | Depths:2 | Reached skill level 19 in Dodging
 66655 | Depths:3 | Found a transporter.
 66937 | Depths:3 | Found a one-way gate leading to the halls of Pandemonium.
 67146 | Depths:3 | Reached XP level 20. HP: 98/100 MP: 26/35
 67150 | Depths:3 | Noticed Nikola
 67367 | Depths:3 | Killed Nikola
 67595 | Depths:3 | Reached skill level 20 in Dodging
 67979 | Depths:4 | Noticed Margery
 67989 | Depths:3 | Killed Margery
 68539 | Depths:3 | Reached skill level 18 in Fighting
 69344 | Depths:4 | Noticed Louise
 69359 | Depths:4 | Killed Louise
 69425 | Depths:4 | Reached skill level 21 in Dodging
 69819 | Depths:4 | Found an iron altar of Okawaru.
 70134 | Depths:5 | Entered Level 5 of the Depths
 70179 | Depths:5 | Reached XP level 21. HP: 106/106 MP: 36/36
 70188 | Depths:5 | Identified the Almanac of the Arsonist and the Frostbite
 70639 | Depths:5 | Noticed a golden dragon
 70651 | Depths:5 | HP: 1/137 [golden dragon/bolt of fire (30)]
 71384 | Depths:5 | Found a gate to the Realm of Zot.
 71854 | Depths:5 | Killed a golden dragon
 72022 | Depths:4 | Voluntarily entered the Abyss.
 72124 | Abyss:1  | Found a hide-covered altar of Uskayaw.
 72294 | Abyss:1  | Learned a level 2 spell: Blink
 72655 | Abyss:3  | Found a corrupted altar of Lugonu.
 73327 | Abyss:3  | Reached skill level 21 in Unarmed Combat
 73345 | Abyss:3  | Reached skill level 22 in Dodging
 73355 | Abyss:3  | Gained mutation: You occasionally shout uncontrollably at your foes. [a neqoxec]
 73395 | Abyss:3  | Found a burning altar of Makhleb.
 73470 | Abyss:3  | Found a corrupted altar of Lugonu.
 74005 | Abyss:3  | Reached XP level 22. HP: 109/112 MP: 15/37
 74015 | Abyss:3  | Found a corrupted altar of Lugonu.
 74018 | Abyss:3  | Got an abyssal rune of Zot
 74101 | Abyss:3  | Gained mutation: You expend magic power (3 MP) to strengthen your wands. [mutagenic glow]
 74144 | Abyss:3  | Gained mutation: You are very clumsy. (Dex -4) [mutagenic glow]
 74243 | Depths:4 | Escaped the Abyss
 74588 | Depths:3 | Reached XP level 23. HP: 116/116 MP: 31/38
 74668 | Depths:3 | Found a transporter.
 74760 | Depths:3 | Identified the cursed +0 cloak "Cezoivics" {Regen+ Int+4 Dex+4 SInv} (You found it on level 3 of the Depths)
 74962 | Depths:3 | Learned a level 7 spell: Dragon Form
 75010 | Zot:1    | Entered Level 1 of the Realm of Zot
 75058 | Zot:1    | Reached skill level 23 in Dodging
 75808 | Zot:3    | Reached skill level 15 in Transmutations
 76361 | Zot:3    | Reached skill level 6 in Evocations
 77076 | Zot:4    | Reached XP level 24. HP: 122/122 MP: 13/38
 77373 | Zot:4    | Lost mutation: You occasionally shout uncontrollably at your foes. [potion of mutation]
 77373 | Zot:4    | Lost mutation: You are very clumsy. (Dex -4) [potion of mutation]
 77373 | Zot:4    | Lost mutation: You are clumsy. (Dex -2) [potion of mutation]
 77373 | Zot:4    | Gained mutation: Your muscles are strong. (Str +2) [potion of mutation]
 77373 | Zot:4    | Gained mutation: You are resistant to hostile enchantments. (MR+) [potion of mutation]
 77867 | Zot:5    | Entered Level 5 of the Realm of Zot
 77948 | Zot:5    | Noticed an ancient lich
 77957 | Zot:5    | Killed an ancient lich
 77977 | Zot:5    | Reached skill level 12 in Stealth
 77980 | Zot:5    | Noticed an ancient lich
 78014 | Zot:5    | Noticed an orb of fire
 78017 | Zot:5    | Gained mutation: You are dopey. (Int -2) [an orb of fire]
 78023 | Zot:5    | Killed an orb of fire
 78033 | Zot:5    | Noticed an orb of fire
 78037 | Zot:5    | Noticed an ancient lich
 78038 | Zot:5    | Gained mutation: You are frail. (-10% HP) [an orb of fire]
 78043 | Zot:5    | Killed an orb of fire
 78043 | Zot:5    | Reached skill level 9 in Evocations
 78048 | Zot:5    | Killed an ancient lich
 78054 | Zot:5    | Noticed an orb of fire
 78057 | Zot:5    | Noticed an ancient lich
 78063 | Zot:5    | Killed an orb of fire
 78066 | Zot:5    | Killed an ancient lich
 78067 | Zot:5    | Noticed an ancient lich
 78080 | Zot:5    | Killed an ancient lich
 78271 | Zot:5    | Noticed an orb of fire
 78279 | Zot:5    | Killed an orb of fire
 78291 | Zot:5    | Noticed an orb of fire
 78295 | Zot:5    | Gained mutation: Your magical capacity is low. (-10% MP) [an orb of fire]
 78297 | Zot:5    | Gained mutation: Your magical capacity is very low. (-20% MP) [an orb of fire]
 78303 | Zot:5    | Killed an orb of fire
 78303 | Zot:5    | Reached skill level 21 in Fighting
 78372 | Zot:5    | Noticed an ancient lich
 78381 | Zot:5    | Killed an ancient lich
 78434 | Zot:5    | Lost mutation: You are frail. (-10% HP) [potion of mutation]
 78434 | Zot:5    | Lost mutation: You are dopey. (Int -2) [potion of mutation]
 78434 | Zot:5    | Lost mutation: Your muscles are strong. (Str +2) [potion of mutation]
 78434 | Zot:5    | Lost mutation: Your magical capacity is very low. (-20% MP) [potion of mutation]
 78434 | Zot:5    | Lost mutation: Your magical capacity is low. (-10% MP) [potion of mutation]
 78434 | Zot:5    | Gained mutation: You are weak. (Str -2) [potion of mutation]
 78434 | Zot:5    | Gained mutation: You are partially covered in large bone plates. (SH +4) [potion of mutation]
 78511 | Zot:5    | Reached XP level 25. HP: 128/128 MP: 33/38
 78562 | Zot:5    | Killed an ancient lich
 78579 | Zot:5    | HP: 1/166 [Orb Guardian (12)]
 78636 | Zot:5    | Noticed an ancient lich
 78648 | Zot:5    | Killed an ancient lich
 78648 | Zot:5    | Reached skill level 15 in Stealth
 78787 | Zot:5    | Noticed an ancient lich
 78803 | Zot:5    | Killed an ancient lich
 79401 | Slime:1  | Entered Level 1 of the Pits of Slime
 79433 | Slime:2  | Noticed KlownO's ghost (journeyman TrWr)
 79438 | Slime:2  | Killed KlownO's ghost
 79438 | Slime:2  | Reached skill level 12 in Evocations
 79463 | Slime:3  | Paralysed by a floating eye for 4 turns
 79467 | Slime:3  | HP: 8/167 [azure jelly (32)]
 79469 | Slime:3  | Splashed by an acid blob's acid
 79470 | Slime:3  | Reached XP level 24. HP: -1/161 MP: 38/38
 79585 | Slime:3  | Paralysed by a floating eye for 4 turns
 79778 | Slime:3  | Reached skill level 18 in Transmutations
 79843 | Slime:5  | Entered Level 5 of the Pits of Slime
 79866 | Slime:5  | Noticed the Royal Jelly
 80234 | Slime:5  | Paralysed by a floating eye for 4 turns
 80239 | Slime:5  | HP: 6/125 [acid[the Royal Jelly] (6)]
 80241 | Slime:4  | Splashed by an acid blob's acid
 80242 | Slime:4  | Reached XP level 23. HP: 0/120 MP: 38/38
 80245 | Slime:4  | Paralysed by a floating eye for 4 turns
 81279 | Zot:2    | Noticed an orb of fire
 81280 | Zot:2    | Gained mutation: You are frail. (-10% HP) [an orb of fire]
 81280 | Zot:2    | Gained mutation: Your body sometimes deteriorates upon taking damage. [an orb of fire]
 81284 | Zot:2    | Killed an orb of fire
 81409 | Zot:2    | Reached XP level 24. HP: 55/113 MP: 26/38
 82976 | Zot:1    | Noticed an orb of fire
 82980 | Zot:1    | Killed from afar by an orb of fire

Skill      XL: |  1  2  3  4  5  6  7  8  9 10 11 12 13 14 15 16 17 18 19 20 21 22 23 24 25 |
---------------+----------------------------------------------------------------------------+-----
Stealth        | 1 3 4 5 8 10 17 15 | 17.7
Unarmed Combat | 5 6 7 8 10 12 13 14 15 17 18 19 20 21 22 | 22.0
Hexes          | 3 5 12 13 | 13.8
Dodging        | 5 6 8 9 12 16 18 19 21 22 23 | 23.5
Evocations     | 4 7 13 12 | 13.6
Spellcasting   | 2 3 8 9 10 | 10.0
Transmutations | 3 8 11 14 15 18 | 18.8
Earth Magic    | 2 6 9 11 | 11.7
Invocations    | 3 6 8 |  8.0
Fighting       | 4 7 8 9 11 15 16 17 18 19 20 22 | 22.1
Charms         | 3 |  3.0
Necromancy     | 2 |  2.4
Summonings     | 3 |  3.1

Action                   |  1- 3 |  4- 6 |  7- 9 | 10-12 | 13-15 | 16-18 | 19-21 | 22-24 | 25-27 || total
-------------------------+-------+-------+-------+-------+-------+-------+-------+-------+-------++-------
Melee: Unarmed           |   111 |   118 |   373 |   954 |  1873 |  1894 |  1288 |   952 |   162 ||  7725
       Bite              |    12 |     7 |    41 |   125 |   303 |   253 |   154 |   121 |    16 ||  1032
       Punch             |       |     2 |    19 |    78 |   181 |   158 |   128 |   104 |    12 ||   682
       Tailslap          |       |       |       |       |       |       |       |     8 |       ||     8
 Cast: Confusing Touch   |       |     5 |    77 |   178 |   224 |    11 |     4 |     4 |       ||   503
       Apportation       |       |       |       |    36 |     3 |     1 |     1 |     1 |       ||    42
       Invisibility      |       |       |       |     5 |    45 |    18 |    13 |    12 |     1 ||    94
       Darkness          |       |       |       |       |    24 |    13 |     3 |    16 |     1 ||    57
       Summon Mana Viper |       |       |       |       |    45 |    35 |     6 |     5 |       ||    91
       Cause Fear        |       |       |       |       |    26 |    20 |     7 |     1 |       ||    54
       Summon Butterflie |       |       |       |       |     3 |     1 |     4 |     3 |       ||    11
       Passwall          |       |       |       |       |     2 |       |       |       |       ||     2
       Statue Form       |       |       |       |       |    18 |   139 |    87 |    69 |     9 ||   322
       Regeneration      |       |       |       |       |       |    28 |    90 |    68 |    11 ||   197
       Blink             |       |       |       |       |       |       |     2 |     1 |       ||     3
       Dragon Form       |       |       |       |       |       |       |       |     7 |       ||     7
Invok: Heroism           |       |       |     1 |    26 |    35 |    37 |    20 |     9 |     2 ||   130
       Finesse           |       |       |       |     7 |     8 |    14 |     2 |     5 |     1 ||    37
 Abil: End Transformatio |       |       |       |       |       |     1 |    10 |       |       ||    11
Evoke: Wand              |       |       |     2 |    12 |    19 |    14 |    18 |     9 |       ||    74
       Lamp of fire      |       |       |       |     1 |     2 |     1 |       |       |       ||     4
       Phantom mirror    |       |       |       |       |       |       |       |       |     1 ||     1
  Use: Potion            |     1 |     1 |     1 |       |     4 |     3 |     3 |     8 |     3 ||    24
       Scroll            |       |       |    10 |    12 |    21 |    11 |    12 |    16 |     1 ||    83
 Stab: Sleeping          |     9 |     4 |    21 |    28 |    55 |    26 |    11 |     9 |     9 ||   172
       Confused          |       |     3 |    38 |   107 |   138 |     6 |     3 |     1 |       ||   296
       Distracted        |       |       |     1 |       |     4 |     9 |     6 |     5 |     2 ||    27
       Invisible         |       |       |       |    12 |   135 |    57 |    35 |    50 |    10 ||   299
       Held in net/web   |       |       |       |     1 |       |       |       |       |       ||     1
       Fleeing           |       |       |       |       |     1 |       |       |       |       ||     1
  Eat: Chunk             |    11 |     4 |    16 |    39 |    87 |   107 |    58 |    38 |     3 ||   363
       Royal jelly       |       |       |       |       |     4 |     6 |       |       |       ||    10
       Meat ration       |       |       |       |       |       |     1 |     1 |     4 |     2 ||     8
Armor: Skin              |     5 |     3 |     9 |    43 |   151 |   626 |   317 |   271 |    62 ||  1487
Dodge: Dodged            |    84 |    94 |   240 |   746 |  2091 |  3701 |  2386 |  1495 |   164 || 11001
Block: Other             |       |       |       |       |       |       |       |    46 |    22 ||    68
